[Event "ICC tourney 1934 (60 10)"]
[Site "Internet Chess Club"]
[Date "2020.07.25"]
[Round "4"]
[White "fascimate"]
[Black "saanvichess"]
[Result "1-0"]
[ICCResult "Black checkmated"]
[WhiteElo "1523"]
[BlackElo "1328"]
[Opening "French: Tarrasch, open variation"]
[ECO "C07"]
[NIC "FR.18"]
[Time "20:00:39"]
[TimeControl "3600+10"]

1. e4 e6 2. d4 d5 3. Nd2 c5 4. Ngf3 Nc6 5. Bb5 Bd7 6. c3 Qb6 7. Bxc6 Bxc6 8.
e5 Nh6 9. Nb3 cxd4 10. Nbxd4 Bc5 11. Rb1 Nf5 12. O-O O-O-O 13. Nxc6 Qxc6 14.
b4 Bb6 15. Bg5 Rdf8 16. a4 h6 17. Bd2 Bc7 18. Nd4 Qc4 19. Nb5 Bxe5 20. Nxa7+
Kb8 21. Nb5 Qh4 22. f4 Bf6 23. Be1 Bd4+ 24. Qxd4 Nxd4 25. Bxh4 Nxb5 26. axb5
Rc8 27. Rb3 Rc4 28. b6 Kc8 29. Ra3 Kd7 30. b5 Kd6 31. Ra7 Rxc3 32. Rxb7 Rb3
33. Be7# {Black checkmated} 1-0

[Event "ICC tourney 1934 (60 10)"]
[Site "Internet Chess Club"]
[Date "2020.07.25"]
[Round "4"]
[White "Singireddy"]
[Black "winner08"]
[Result "1-0"]
[ICCResult "Black checkmated"]
[WhiteElo "1780"]
[BlackElo "1625"]
[Opening "Giuoco Piano"]
[ECO "C54"]
[NIC "IG.02"]
[Time "20:00:35"]
[TimeControl "3600+10"]

1. e4 e5 2. Nf3 Nc6 3. Bc4 Bc5 4. c3 Nf6 5. d3 a6 6. O-O d6 7. h3 O-O 8. Re1
Ba7 9. Bb3 Ne7 10. Nbd2 Ng6 11. Nf1 Nh5 12. Bg5 Qe8 13. Nxe5 Qxe5 14. Qxh5
Nf4 15. d4 Nxh5 16. dxe5 dxe5 17. Ne3 c6 18. Nc4 Be6 19. Nd6 Bxb3 20. axb3
f6 21. Be3 b5 22. g4 Nf4 23. Bxf4 exf4 24. Kg2 Rad8 25. Rxa6 Rxd6 26. Rxa7
Rd2 27. Rc7 Rxb2 28. Rd1 Kh8 29. b4 h6 30. Rdd7 Rg8 31. Rxc6 Ra8 32. Rd3
Raa2 33. Rf3 Rb1 34. Rxf4 Raa1 35. Rf5 Rg1+ 36. Kf3 Rh1 37. Rxb5 Rxh3+ 38.
Kg2 Rhh1 39. Rb7 Rag1+ 40. Kf3 Rh3+ 41. Kf4 Rh2 42. f3 Rf1 43. Rc8+ Kh7 44.
Rcc7 Rhf2 45. Rxg7+ Kh8 46. Kf5 Rxf3+ 47. Kg6 Rxc3 48. Rb8+ Rc8 49. Rxc8#
{Black checkmated}
1-0

[Event "ICC tourney 1934 (60 10)"]
[Site "Internet Chess Club"]
[Date "2020.07.25"]
[Round "4"]
[White "EthanPowers"]
[Black "minitotoro"]
[Result "1-0"]
[ICCResult "Black resigns"]
[WhiteElo "1403"]
[BlackElo "1866"]
[Opening "Caro-Kann: two knights variation"]
[ECO "B11"]
[NIC "CK.01"]
[Time "20:00:43"]
[TimeControl "3600+10"]

1. e4 c6 2. Nc3 d5 3. Nf3 dxe4 4. Nxe4 Nf6 5. Nxf6+ exf6 6. d4 Bd6 7. Bd3
O-O 8. O-O Bg4 9. Re1 Nd7 10. Be3 Qc7 11. h3 Bh5 12. c3 Rfe8 13. g4 Bg6 14.
Nh4 Bh2+ 15. Kg2 Be4+ 16. Bxe4 Rxe4 17. Qf3 Re6 18. Rh1 Bd6 19. Nf5 Rae8 20.
Nxd6 Qxd6 21. Rad1 Nb6 22. d5 cxd5 23. Bxb6 Qxb6 24. Rd2 Re5 25. Rhd1 h6 26.
a3 Qb3 27. Qd3 Qc4 28. Qxc4 dxc4 29. Rd7 R8e7 30. Rxe7 Rxe7 31. Rd8+ Kh7 32.
Kf1 Rc7 33. Ke2 Kg6 34. f4 f5 35. Kf3 fxg4+ 36. hxg4 Rc6 37. f5+ Kg5 38. Rd7
Rb6 39. Rxf7 g6 40. Rg7 Rf6 41. Rxb7 gxf5 42. Rg7+ Kh4 43. g5 Rb6 44. gxh6
Kh5 45. h7 Rh6 46. Kf4 Kh4 47. Rg1 Kh5 {Black resigns} 1-0

[Event "ICC tourney 1934 (60 10)"]
[Site "Internet Chess Club"]
[Date "2020.07.25"]
[Round "4"]
[White "PatrickChen"]
[Black "yogokings12"]
[Result "1/2-1/2"]
[ICCResult "Game drawn by mutual agreement"]
[WhiteElo "1537"]
[BlackElo "1524"]
[Opening "Queen's pawn: London system"]
[ECO "A45"]
[NIC "QP.07"]
[Time "20:00:22"]
[TimeControl "3600+10"]

1. d4 Nf6 2. Bf4 d5 3. e3 g6 4. Nc3 c6 5. Bd3 Bg7 6. h4 Nbd7 7. Nf3 Nh5 8.
Bh2 Nb6 9. Ne5 Nd7 10. Nxd7 Qxd7 11. Be2 Nf6 12. Bf3 Ng4 13. Bg3 h5 14. Na4
Qd8 15. Nc5 e5 16. c3 exd4 17. exd4 O-O 18. O-O b6 19. Nd3 Ba6 20. Re1 Bxd3
21. Qxd3 Qd7 22. Re2 Rfe8 23. Rae1 Rxe2 24. Qxe2 Nf6 25. Qd3 Re8 26. Rxe8+
Qxe8 27. Qe3 Qxe3 28. fxe3 Ne4 29. Bf4 f5 30. Be2 b5 31. Bd3 Kf7 32. Kf1 Bf6
33. Bxe4 dxe4 34. g3 Ke6 35. Ke2 Kd5 36. Kd2 a5 37. Bc7 a4 38. Bf4 Be7 39.
a3 Kc4 40. Kc2 c5 41. dxc5 Bxc5 42. Bg5 Bd6 43. Bf4 Bc5 44. Bg5
{Game drawn by mutual agreement}
1/2-1/2

[Event "ICC tourney 1934 (60 10)"]
[Site "Internet Chess Club"]
[Date "2020.07.25"]
[Round "4"]
[White "SparkyNinja"]
[Black "AkshatSuresh"]
[Result "1-0"]
[ICCResult "Black checkmated"]
[WhiteElo "1579"]
[BlackElo "1559"]
[Opening "Sicilian: Kan variation"]
[ECO "B41"]
[NIC "SI.41"]
[Time "20:00:50"]
[TimeControl "3600+10"]

1. e4 c5 2. Nf3 e6 3. d4 cxd4 4. Nxd4 a6 5. Be2 Nc6 6. O-O Qc7 7. Be3 Nf6 8.
f3 Bc5 9. c3 b5 10. Kh1 Qa7 11. Nxc6 dxc6 12. Bxc5 Qxc5 13. Nd2 Bb7 14. Nb3
Qe7 15. Qc2 a5 16. Rad1 O-O 17. Bd3 a4 18. Nd4 Rac8 19. Rfe1 Ba6 20. e5 Nd7
21. Bxh7+ Kh8 22. Bd3 Qg5 23. Re4 Nxe5 24. f4 Qh6 25. fxe5 c5 26. Nf3 Kg8
27. Rh4 Qe3 28. Bh7+ Kh8 29. Bg8+ Kxg8 30. Qh7# {Black checkmated} 1-0

[Event "ICC tourney 1934 (60 10)"]
[Site "Internet Chess Club"]
[Date "2020.07.25"]
[Round "4"]
[White "peekaboopenguin"]
[Black "QueenHM"]
[Result "1-0"]
[ICCResult "Black checkmated"]
[WhiteElo "1292"]
[BlackElo "1293"]
[Opening "Pirc defense"]
[ECO "B07"]
[NIC "PU.08"]
[Time "20:00:24"]
[TimeControl "3600+10"]

1. e4 d6 2. d4 Nf6 3. Bd3 g6 4. Nf3 Bg7 5. c3 O-O 6. O-O Nbd7 7. Bf4 Nh5 8.
Be3 b6 9. Nbd2 c5 10. Re1 Bb7 11. Nf1 Nhf6 12. Ng3 Ng4 13. Bf4 cxd4 14. cxd4
Rc8 15. Qd2 Re8 16. Rac1 Ngf6 17. Bh6 Bh8 18. Qf4 Rxc1 19. Rxc1 e5 20. dxe5
Nxe5 21. Nxe5 dxe5 22. Qd2 Qa8 23. Qe3 Ng4 24. Qg5 Nxh6 25. Qxh6 Bg7 26. Qe3
h5 27. Qf3 Qd8 28. Bc4 Qe7 29. Ne2 a6 30. Nc3 b5 31. Bb3 Bh6 32. Rd1 b4 33.
Nd5 Bxd5 34. Bxd5 Bg7 35. h3 Qf6 36. Qxf6 Bxf6 37. Rc1 Bg5 38. Rc7 Re7 39.
Rxe7 Bxe7 40. Kf1 Kg7 41. Ke2 f5 42. f3 f4 43. Kd3 a5 44. Kc4 Bd8 45. Bc6
Kf6 46. Kd5 g5 47. Ba4 Bb6 48. Kc6 Bd4 49. b3 Ke6 50. Kb5 Bc3 51. Kxa5 Kd6
52. Kb5 h4 53. Kc4 Be1 54. Kd3 Kc5 55. Be8 Bf2 56. Bh5 Be1 57. Bg4 Bf2 58.
Kc2 Kd4 59. Kb2 Kd3 60. a3 bxa3+ 61. Kxa3 Kc3 62. Ka4 Bc5 63. Be6 Bb4 64.
Kb5 Bd6 65. Kc6 Bb4 66. Kd5 Kxb3 67. Kxe5+ Kc3 68. Kf6 Kd3 69. Kxg5 Be1 70.
Kxf4 Ke2 71. e5 Kf2 72. Bg4 Kxg2 73. e6 Bb4 74. Kg5 Kg3 75. Kh5 Be7 76. Kg6
Kf4 77. Kf7 Bg5 78. e7 Bxe7 79. Kxe7 Kg3 80. Kf6 Kf4 81. Kg6 Ke5 82. Kg5 Kd4
83. Kxh4 Ke5 84. Kg5 Kd6 85. h4 Ke7 86. h5 Kf7 87. h6 Kg8 88. f4 Kh7 89. f5
Kg8 90. f6 Kh7 91. Bf5+ Kg8 92. Kg6 Kh8 93. Kg5 Kg8 94. h7+ Kh8 95. f7 Kg7
96. Bg6 Kf8 97. h8=Q+ Ke7 98. f8=Q+ Ke6 99. Qhf6+ Kd5 100. Q8d6+ Kc4 101.
Qfd4+ Kb3 102. Q6b4+ Ka2 103. Qdb2# {Black checkmated} 1-0

[Event "ICC tourney 1934 (60 10)"]
[Site "Internet Chess Club"]
[Date "2020.07.25"]
[Round "4"]
[White "goodcrowdchess"]
[Black "anshulg"]
[Result "0-1"]
[ICCResult "White checkmated"]
[WhiteElo "1431"]
[BlackElo "1516"]
[Opening "Sicilian: Scheveningen variation"]
[ECO "B80"]
[NIC "SI.19"]
[Time "20:00:32"]
[TimeControl "3600+10"]

1. e4 c5 2. Nf3 d6 3. d4 cxd4 4. Nxd4 Nf6 5. Nc3 e6 6. Be3 Be7 7. f3 O-O 8.
Qd2 a6 9. O-O-O b5 10. g4 Bb7 11. g5 Nfd7 12. h4 b4 13. Nce2 d5 14. exd5
Bxd5 15. Nf4 Bxa2 16. Nd3 Qa5 17. h5 Bc4 18. Qg2 Bxd3 19. Bxd3 Qa1+ 20. Kd2
Qxb2 21. g6 Bf6 22. Nb3 Ne5 23. gxh7+ Kh8 24. Be4 Nc4+ 25. Ke2 Nxe3 26. Kxe3
Ra7 27. h6 Rd7 28. Rxd7 Nxd7 29. Rg1 g6 30. Bxg6 fxg6 31. Qxg6 Qc3+ 32. Ke2
Qc4+ 33. Ke3 Qc3+ 34. Ke2 Qc4+ 35. Ke3 e5 36. Rg4 Qf7 37. Qe4 Qxh7 38. Qxb4
Qxh6+ 39. Kd3 e4+ 40. Rxe4 Ne5+ 41. Kc3 Nc6+ 42. Kc4 Nxb4 43. Kxb4 Rb8+ 44.
Ka3 Qf8+ 45. Ka2 Rb4 46. Rxb4 Qxb4 47. Nd4 Bxd4 48. c3 Bxc3 49. f4 Qb2#
{White checkmated}
0-1

[Event "ICC tourney 1934 (60 10)"]
[Site "Internet Chess Club"]
[Date "2020.07.25"]
[Round "4"]
[White "MysteryHunter"]
[Black "AboardBuffalo"]
[Result "1-0"]
[ICCResult "Black resigns"]
[WhiteElo "1568"]
[BlackElo "1568"]
[Opening "Ruy Lopez: 5.O-O"]
[ECO "C78"]
[NIC "RL.12"]
[Time "20:00:44"]
[TimeControl "3600+10"]

1. e4 e5 2. Nf3 Nc6 3. Bb5 a6 4. Ba4 Nf6 5. O-O b5 6. Bb3 Bc5 7. c3 d6 8. h3
Bb7 9. Re1 O-O 10. d4 Bb6 11. Bg5 h6 12. Bh4 Re8 13. Bc2 g5 14. Bg3 exd4 15.
cxd4 Nb4 16. Nc3 Nxc2 17. Qxc2 b4 18. e5 bxc3 19. exf6 Qxf6 20. Qxc3 Bxf3
21. gxf3 Qxd4 22. Qc2 Qf6 23. Kg2 Rab8 24. b3 Bd4 25. Rad1 c5 26. Rh1 Rbd8
27. h4 Qg6 28. Qc4 d5 29. Qf1 Kg7 30. Re1 Re6 31. Rxe6 Qxe6 32. hxg5 hxg5
33. Rh5 Qg6 34. Qh1 Re8 35. Qh3 f5 36. Kf1 Bc3 37. Kg2 Re2 38. a4 d4 39. Kh2
d3 40. Rh8 Re8 41. Rxe8 Qxe8 42. Qxf5 Qh5+ 43. Kg2 d2 44. Be5+ Bxe5 45.
Qxe5+ Kh7 46. Qd5 Qh4 47. Qxd2 Kg7 48. Qd7+ Kf6 49. Qd6+ Kf7 50. Qxc5 Qf4
51. Qa7+ Ke8 52. Qxa6 {Black resigns} 1-0

[Event "ICC tourney 1934 (60 10)"]
[Site "Internet Chess Club"]
[Date "2020.07.25"]
[Round "4"]
[White "chessKingR"]
[Black "hursha6b5"]
[Result "1-0"]
[ICCResult "Black resigns"]
[WhiteElo "1446"]
[BlackElo "1410"]
[Opening "QGD: 4.Bg5 Be7"]
[ECO "D53"]
[NIC "QO.13"]
[Time "20:00:32"]
[TimeControl "3600+10"]

1. d4 d5 2. c4 e6 3. Nc3 Nf6 4. Bg5 Be7 5. Nf3 h6 6. Bh4 b6 7. Rc1 O-O 8.
cxd5 Nxd5 9. Nxd5 exd5 10. Bg3 c5 11. e3 c4 12. a3 Bf5 13. Be2 Nd7 14. O-O
Nf6 15. Ne5 Rc8 16. f3 b5 17. Be1 Nd7 18. Nxd7 Qxd7 19. Bc3 Qc7 20. Qd2 Bd6
21. f4 Be4 22. Bf3 f5 23. Bxe4 fxe4 24. Bb4 Rb8 25. g3 Bxb4 26. axb4 Rf6 27.
Ra1 Rc6 28. Rfc1 Rbb6 29. Rc3 Ra6 30. Rca3 Qb7 31. Qc3 Kf7 32. Kf2 Ke7 33.
Kg2 Kd7 34. Kf2 Kc7 35. Kg2 Qc8 36. Qd2 Rxa3 37. Rxa3 Ra6 38. Qc3 Kb6 39. h3
g6 40. Kh2 Rxa3 41. Qxa3 Qa6 42. Qxa6+ Kxa6 43. g4 Kb6 44. h4 Kc6 45. g5
hxg5 46. f5 Kd6 47. fxg6 Ke6 48. hxg5 a5 49. bxa5 b4 50. a6 c3 51. bxc3 bxc3
52. a7 c2 53. a8=Q c1=Q 54. Qe8+ Kf5 55. Qf7+ Kxg5 56. Qxd5+ Kxg6 57. Qxe4+
Kf6 58. Qf4+ Ke6 59. d5+ Kd7 60. Qf7+ Kd8 61. Qf6+ Kd7 62. Qe6+ Kd8 63. Qd6+
Ke8 64. Qc6+ Qxc6 65. dxc6 Kd8 66. Kg3 Kc7 67. Kf4 Kxc6 68. Ke5 Kd7 69. Kf6
Ke8 70. e4 Kf8 71. Ke6 Ke8 72. e5 Kd8 73. Kf7 Kd7 74. e6+ Kd6 75. e7 Kd5 76.
e8=Q {Black resigns} 1-0

[Event "ICC tourney 1934 (60 10)"]
[Site "Internet Chess Club"]
[Date "2020.07.25"]
[Round "4"]
[White "rcww2020"]
[Black "whyyoutrysohard"]
[Result "1-0"]
[ICCResult "Black resigns"]
[WhiteElo "1388"]
[BlackElo "1334"]
[Opening "Sicilian: Smith-Morra gambit"]
[ECO "B21"]
[NIC "SI.47"]
[Time "20:00:36"]
[TimeControl "3600+10"]

1. e4 c5 2. d4 cxd4 3. c3 Nf6 4. e5 Nd5 5. cxd4 d6 6. Nf3 dxe5 7. dxe5 Nc6
8. Bc4 Nb6 9. Qxd8+ Nxd8 10. Bb3 g6 11. O-O Bg4 12. Nbd2 Bg7 13. h3 Bf5 14.
Re1 Be6 15. Nd4 Bxb3 16. N2xb3 e6 17. Nb5 O-O 18. Nd6 Nd5 19. Nc5 Nc6 20. f4
b6 21. Nce4 Nd4 22. Rb1 Nf5 23. Bd2 Nxd6 24. Nxd6 Rfd8 25. Rbc1 Bf8 26. Ne4
Rac8 27. Kf2 Be7 28. Kf3 Rxc1 29. Rxc1 f5 30. Nc3 Bc5 31. Nxd5 Rxd5 32. Ke2
Kf7 33. b4 Be7 34. Rc7 a5 35. Rb7 Ke8 36. Rxb6 axb4 37. Bxb4 Rd4 38. Bxe7
Kxe7 39. Rb7+ Kf8 40. Ke3 Re4+ 41. Kf3 Ra4 42. Rb2 Ra3+ 43. Kf2 Ra4 44. g3
Ra3 45. Rd2 Ke7 46. Kg2 Ke8 47. h4 Ke7 48. Kh3 Ke8 49. Rg2 Ke7 50. h5 Kf7
51. Kh4 Ra6 52. Kg5 gxh5 53. Kxh5 Kg7 54. Kg5 h6+ 55. Kh4 Ra4 56. Rc2 Ra6
57. Kh5 Ra7 58. Rb2 Ra3 59. Rb7+ Kf8 60. Kxh6 Rxg3 61. a4 Ra3 62. Rb4 Kf7
63. Kg5 Rg3+ 64. Kh4 Ra3 65. Rb7+ Ke8 66. Kg5 Rxa4 67. Kf6 Rxf4 68. Kxe6 Kf8
69. Kf6 Kg8 70. e6 Rh4 71. Rb8+ Kh7 72. e7 {Black resigns} 1-0

[Event "ICC tourney 1934 (60 10)"]
[Site "Internet Chess Club"]
[Date "2020.07.25"]
[Round "4"]
[White "mancogu"]
[Black "geowhiz27"]
[Result "1/2-1/2"]
[ICCResult "Game drawn by mutual agreement"]
[WhiteElo "1278"]
[BlackElo "1206"]
[Opening "French: exchange variation"]
[ECO "C01"]
[NIC "FR.01"]
[Time "20:00:24"]
[TimeControl "3600+10"]

1. e4 e6 2. d4 d5 3. exd5 exd5 4. Bd3 Nc6 5. Nf3 Nb4 6. Be2 Bd6 7. c3 Nc6 8.
Bd3 Bg4 9. O-O Nge7 10. Bg5 f6 11. Bh4 Qd7 12. Bg3 O-O-O 13. Nbd2 g5 14. a4
f5 15. Bxd6 Qxd6 16. a5 Qf6 17. b4 Ng6 18. Bb5 h5 19. Bxc6 Qxc6 20. Qb3 Bxf3
21. Nxf3 g4 22. Nd2 f4 23. b5 Qd6 24. Rab1 f3 25. g3 h4 26. b6 cxb6 27. axb6
a6 28. Qb4 Ne7 29. Rfe1 Nf5 30. Qxd6 Rxd6 31. Nf1 hxg3 32. fxg3
{Game drawn by mutual agreement}
1/2-1/2

[Event "ICC tourney 1934 (60 10)"]
[Site "Internet Chess Club"]
[Date "2020.07.25"]
[Round "4"]
[White "Eagle2020"]
[Black "chessKingT"]
[Result "1-0"]
[ICCResult "Black resigns"]
[WhiteElo "1515"]
[BlackElo "1408"]
[Opening "Sicilian: Alapin's variation (2.c3)"]
[ECO "B22"]
[NIC "SI.46"]
[Time "20:00:31"]
[TimeControl "3600+10"]

1. e4 c5 2. c3 d5 3. exd5 Qxd5 4. d4 Nf6 5. Nf3 Nc6 6. h3 Bf5 7. Na3 cxd4 8.
cxd4 e6 9. Nb5 Qd8 10. Bf4 Rc8 11. a3 a6 12. Nc3 Be7 13. Bd3 Bxd3 14. Qxd3
O-O 15. O-O Nd5 16. Nxd5 Qxd5 17. Rfe1 Rfd8 18. Rad1 Bf6 19. Re4 h6 20. Be5
Bxe5 21. Nxe5 Nxe5 22. Rxe5 Qxe5 23. dxe5 Rxd3 24. Rxd3 Rc1+ 25. Kh2 Rc2 26.
Rd8+ Kh7 27. Rd7 Rxb2 28. Rxf7 Rb3 29. f4 b5 30. Re7 Rxa3 31. Rxe6 a5 32.
Rb6 b4 33. e6 Kg6 34. Rb5 Kf6 35. f5 b3 36. g4 Ra2+ 37. Kg3 b2 38. Kh4 a4
39. Rb7 g5+ 40. Kh5 b1=Q 41. Rf7+ Ke5 42. e7 Qb5 43. Rf8 Rh2 44. e8=Q+ Qxe8+
45. Rxe8+ Kf6 46. Re6+ Kg7 47. Rg6+ Kf7 48. Kxh6 a3 49. Kxg5 Rxh3 50. Ra6
Rb3 51. Ra7+ Kf8 52. Kg6 Rb6+ 53. f6 Ke8 54. Rxa3 Rb8 55. Re3+ Kf8 56. Rh3
Ke8 57. Rh8+ {Black resigns} 1-0

[Event "ICC tourney 1934 (60 10)"]
[Site "Internet Chess Club"]
[Date "2020.07.25"]
[Round "4"]
[White "Mapking1"]
[Black "HarleyQueen8"]
[Result "1/2-1/2"]
[ICCResult "Game drawn by mutual agreement"]
[WhiteElo "1491"]
[BlackElo "1518"]
[Opening "Sicilian: Richter-Rauzer, Rauzer attack, 7...Be7"]
[ECO "B63"]
[NIC "SI.27"]
[Time "20:00:54"]
[TimeControl "3600+10"]

1. e4 c5 2. Nf3 d6 3. d4 cxd4 4. Nxd4 Nf6 5. Nc3 Nc6 6. Bg5 e6 7. Qd2 Be7 8.
O-O-O a6 9. Bxf6 gxf6 10. Kb1 Bd7 11. f4 b5 12. g4 b4 13. Nce2 a5 14. Nb5
Qb8 15. Nxd6+ Bxd6 16. Qxd6 Qxd6 17. Rxd6 Ke7 18. Rd2 h5 19. g5 fxg5 20.
fxg5 h4 21. h3 Rag8 22. Nc1 Rxg5 23. Nd3 Rhg8 24. b3 Ne5 25. Nxe5 Rxe5 26.
Bd3 Bc6 27. Re2 Rg3 28. Rhh2 Reg5 29. e5 Rg1+ 30. Kb2 Rd1 31. Be4 Bxe4 32.
Rxe4 Rgg1 33. c4 Rb1+ 34. Kc2 Rgc1+ 35. Kd3 Rd1+ 36. Ke3 Re1+ 37. Kf3 Rf1+
38. Kg4 Rg1+ 39. Kxh4 Rbd1 40. Rg4 Rge1 41. Rg5 Re4+ 42. Kg3 Rd3+ 43. Kf2 a4
44. bxa4 Rxc4 45. Ke2 Ra3 46. Kd1 Rxa4 47. h4 Ra5 48. h5 Rd5+ 49. Rd2 Rdc5
50. Rf2 Re4 51. Rg7 Rd4+ 52. Ke2 Rxe5+ 53. Kf1 Rxh5 54. Rgxf7+ Kd6 55. Rb7
Rhd5 56. Rb6+ Ke7 57. Rb7+ Rd7 58. Rxd7+ Kxd7 59. Ke2 Kd6 60. Ke3 Kd5 61.
Rf8 Re4+ 62. Kd3 Rh4 63. Rd8+ Ke5 64. Rb8 Kf5 65. Rb5+ e5 66. Rb8 e4+ 67.
Ke2 Rh2+ 68. Ke3 Rxa2 69. Rb5+ Ke6 70. Rxb4 Ra3+ 71. Kxe4 Ra6
{Game drawn by mutual agreement}
1/2-1/2

[Event "ICC tourney 1934 (60 10)"]
[Site "Internet Chess Club"]
[Date "2020.07.25"]
[Round "4"]
[White "Ajitesh20091"]
[Black "happyscientist"]
[Result "0-1"]
[ICCResult "White checkmated"]
[WhiteElo "1439"]
[BlackElo "1633"]
[Opening "Ruy Lopez: Anderssen variation"]
[ECO "C77"]
[NIC "RL.12"]
[Time "20:00:53"]
[TimeControl "3600+10"]

1. e4 e5 2. Nf3 Nc6 3. Bb5 a6 4. Ba4 Nf6 5. d3 b5 6. Bb3 Bc5 7. c3 d6 8. O-O
O-O 9. h3 h6 10. Re1 Ne7 11. Nbd2 Ng6 12. Nf1 Bd7 13. Ng3 Qc8 14. d4 Bb6 15.
Be3 Re8 16. a4 bxa4 17. Bxa4 Bxa4 18. Qxa4 exd4 19. Bxd4 Bxd4 20. Nxd4 Qb7
21. Qc6 Qxb2 22. Reb1 Qd2 23. Qxc7 Nxe4 24. Nxe4 Rxe4 25. Rd1 Qg5 26. Qc6
Rae8 27. Nf3 Qf4 28. Rxa6 R8e6 29. Qd5 Nh4 30. Nh2 Rg6 31. Ng4 Nxg2 32. Kxg2
Rxg4+ 33. hxg4 Qxg4+ 34. Kh2 Qf3 35. Qxe4 Qxe4 36. Raxd6 Qf3 37. Kg1 Qxc3
38. Kg2 Qe5 39. Kg1 g6 40. R1d3 h5 41. R3d4 Kg7 42. Kg2 Qg5+ 43. Kf3 Qg1 44.
Ke2 g5 45. Ra6 h4 46. Ra3 Kg6 47. Rd8 f6 48. Rg8+ Kf7 49. Rh8 Qg4+ 50. Kf1
Kg7 51. Rd8 h3 52. Rg3 Qc4+ 53. Rgd3 Qc1+ 54. Rd1 Qc6 55. R1d7+ Kg6 56. Rd5
Qc1+ 57. Rd1 Qf4 58. R1d3 g4 59. R8d4 Qg5 60. Rc4 Kh5 61. Rd8 Qb5 62. Rh8+
Kg6 63. Rg8+ Kf5 64. Rc8 Qb1+ 65. Ke2 h2 66. Rh8 h1=Q 67. Rxh1 Qxh1 68. Rc5+
Kg6 69. Rc3 Qe4+ 70. Kf1 f5 71. Ra3 f4 72. Ra6+ Kg5 73. Ra5+ Kh4 74. Ra1
Qh1+ 75. Ke2 Qxa1 76. f3 gxf3+ 77. Kd3 f2 78. Ke4 f1=Q 79. Kf5 Qa5+ 80. Kg6
Qfa6+ 81. Kh7 Qc7+ 82. Kh8 Qa8# {White checkmated} 0-1

[Event "ICC tourney 1934 (60 10)"]
[Site "Internet Chess Club"]
[Date "2020.07.25"]
[Round "4"]
[White "TeeKay2020"]
[Black "tricksterssbu"]
[Result "1-0"]
[ICCResult "Black resigns"]
[WhiteElo "1494"]
[BlackElo "1454"]
[Opening "Giuoco Pianissimo"]
[ECO "C50"]
[NIC "IG.02"]
[Time "20:00:24"]
[TimeControl "3600+10"]

1. e4 e5 2. Nf3 Nc6 3. Bc4 Bc5 4. d3 h6 5. O-O d6 6. a4 Nf6 7. c3 a5 8. Nbd2
O-O 9. h3 Re8 10. Re1 Bb6 11. Bb3 Bd7 12. Nc4 Ba7 13. Bc2 Be6 14. Ne3 Ne7
15. d4 Ng6 16. Nf1 c6 17. Ng3 Qc7 18. Be3 Bb6 19. Qd2 Rad8 20. Rad1 Ba7 21.
Qc1 b5 22. dxe5 Bxe3 23. Qxe3 dxe5 24. Qc5 Nd7 25. Qa3 Nf6 26. Qc5 Nd7 27.
Qa3 Qb6 28. b4 axb4 29. Qxb4 Bc4 30. axb5 Qxb5 31. Qxb5 Bxb5 32. Nf5 Nc5 33.
Nd6 Rf8 34. Nxb5 cxb5 35. Rxd8 Rxd8 36. Rb1 Rb8 37. Kf1 f6 38. Ke2 Kf7 39.
Rb4 Nf4+ 40. Kf1 Rb7 41. h4 Ke6 42. g3 Nfd3 43. Bxd3 Nxd3 44. Rb3 Nc5 45.
Rb4 Kd6 46. Nd2 Kc6 47. f3 Rd7 48. Ke2 Nd3 49. Rb1 Nc5 50. Rb4 Rd3 51. c4
bxc4 52. Rxc4 Rd4 53. Ke3 Rxc4 54. Nxc4 Ne6 55. f4 exf4+ 56. gxf4 Kc5 57.
Nd2 Kb4 58. f5 Nc5 59. Nf3 Nb3 60. Nd4 Nxd4 61. Kxd4 Kb5 62. Kd5 Kb6 63. Ke6
Kc6 64. Kf7 Kd6 65. Kxg7 Ke5 66. Kxh6 Kxe4 67. Kg6 {Black resigns} 1-0

[Event "ICC tourney 1934 (60 10)"]
[Site "Internet Chess Club"]
[Date "2020.07.25"]
[Round "4"]
[White "lmperfectFocus"]
[Black "chessisthebest1"]
[Result "1-0"]
[ICCResult "Black checkmated"]
[WhiteElo "1547"]
[BlackElo "1502"]
[Opening "Sicilian: Alapin's variation (2.c3)"]
[ECO "B22"]
[NIC "SI.46"]
[Time "20:00:23"]
[TimeControl "3600+10"]

1. e4 c5 2. c3 d5 3. exd5 Qxd5 4. d4 cxd4 5. cxd4 Nc6 6. Nf3 e6 7. Nc3 Bb4
8. Bd2 Qd8 9. Bb5 Bd7 10. O-O Nf6 11. Bg5 h6 12. Bh4 a6 13. Ba4 Be7 14. a3
O-O 15. Bc2 g6 16. Re1 Kg7 17. Qd3 Re8 18. Rad1 Nd5 19. Bxe7 Ndxe7 20. Ne5
Qc7 21. Qf3 f5 22. Bb3 Nxe5 23. Rxe5 Nc6 24. Re3 Rad8 25. d5 exd5 26. Nxd5
Qb8 27. Rxe8 Rxe8 28. Nf4 Bc8 29. Qg3 g5 30. Nh5+ Kh8 31. f4 Qa7+ 32. Kh1
Re3 33. Rd6 Kh7 34. fxg5 hxg5 35. Nf6+ Kh8 36. Ne8 Kh7 37. Nf6+ Kh8 38. Nh5
Kh7 39. Bg8+ Kxg8 40. Qxg5+ Kf8 41. Qf6+ Ke8 42. Ng7# {Black checkmated} 1-0

[Event "ICC tourney 1934 (60 10)"]
[Site "Internet Chess Club"]
[Date "2020.07.25"]
[Round "4"]
[White "Zues9393"]
[Black "pawnpush202044"]
[Result "0-1"]
[ICCResult "White checkmated"]
[WhiteElo "1635"]
[BlackElo "1575"]
[Opening "Sicilian, Chekhover variation"]
[ECO "B53"]
[NIC "SI.02"]
[Time "20:00:31"]
[TimeControl "3600+10"]

1. e4 c5 2. Nf3 d6 3. d4 cxd4 4. Qxd4 Nc6 5. Bb5 Bd7 6. Bxc6 Bxc6 7. Nc3 Nf6
8. Bg5 e6 9. O-O-O Be7 10. Bf4 e5 11. Nxe5 dxe5 12. Qxe5 Bd7 13. Nd5 Nxd5
14. Rxd5 f6 15. Qh5+ g6 16. Qh6 Bf8 17. Qh4 Qe7 18. e5 Bg7 19. e6 Qxe6 20.
Rd6 Qf5 21. Re1+ Kf7 22. Qg3 Ba4 23. Rd2 Rac8 24. b3 Bc6 25. Rde2 Rhe8 26.
Bd6 Rxe2 27. Rxe2 Be4 28. c4 Qd5 29. Rd2 Rxc4+ 30. bxc4 Qxc4+ 31. Kb2 f5+
32. Ka3 Qc1+ 33. Ka4 Bc6+ 34. Kb3 Qxd2 35. Bb4 Qb2+ 36. Kc4 Qxa2+ 37. Kc5
Qd5# {White checkmated} 0-1

[Event "ICC tourney 1934 (60 10)"]
[Site "Internet Chess Club"]
[Date "2020.07.26"]
[Round "5"]
[White "QueenHM"]
[Black "karuto2006"]
[Result "0-1"]
[ICCResult "White checkmated"]
[WhiteElo "1271"]
[BlackElo "1364"]
[Opening "Danish gambit: Sorensen defense"]
[ECO "C21"]
[NIC "KP.04"]
[Time "11:03:27"]
[TimeControl "3600+10"]

1. e4 e5 2. d4 exd4 3. c3 d5 4. e5 dxc3 5. Nf3 Bb4 6. Qa4+ Nc6 7. bxc3 Bc5
8. Nd4 Bxd4 9. cxd4 Qh4 10. Ba3 Qxd4 11. Qxd4 Nxd4 12. Kd1 Bf5 13. Nd2 Nc2
14. Rc1 Nxa3 15. Rxc7 b5 16. Be2 a6 17. g4 Be6 18. h4 Nc4 19. f4 Ne3+ 20.
Ke1 Bxg4 21. Bxg4 Nxg4 22. Rg1 h5 23. Nf3 f6 24. exf6 gxf6 25. Nd4 Ne7 26.
Ke2 Rc8 27. Rgc1 Kf7 28. f5 Rxc7 29. Rxc7 Rc8 30. Ra7 Rc4 31. Ne6 Ra4 32.
Nd8+ Ke8 33. Ra8 Rxa2+ 34. Kf3 Rf2+ 35. Kg3 Nxf5+ 36. Kh3 Rh2#
{White checkmated}
0-1

[Event "ICC tourney 1934 (60 10)"]
[Site "Internet Chess Club"]
[Date "2020.07.26"]
[Round "5"]
[White "gmcarebear999"]
[Black "rachael1120"]
[Result "1/2-1/2"]
[ICCResult "Game drawn by mutual agreement"]
[WhiteElo "1382"]
[BlackElo "1435"]
[Opening "QGD: Neo-orthodox variation, 7.Bh4"]
[ECO "D56"]
[NIC "QI.01"]
[Time "11:03:25"]
[TimeControl "3600+10"]

1. d4 Nf6 2. c4 e6 3. Nf3 d5 4. Bg5 Be7 5. Nc3 O-O 6. e3 h6 7. Bh4 Nbd7 8.
cxd5 Nxd5 9. Bxe7 Qxe7 10. Nxd5 exd5 11. Rc1 c6 12. Bd3 Nf6 13. O-O Bg4 14.
h3 Bh5 15. g4 Bg6 16. Bxg6 fxg6 17. Ne5 Qe8 18. Qd3 g5 19. b4 Nd7 20. Nxd7
Qxd7 21. f3 Qe7 22. a3 Rae8 23. Rce1 Qd6 24. Kg2 Re7 25. Qd2 Ref7
{Game drawn by mutual agreement}
1/2-1/2

[Event "ICC tourney 1934 (60 10)"]
[Site "Internet Chess Club"]
[Date "2020.07.26"]
[Round "5"]
[White "SavageKey-456"]
[Black "clair"]
[Result "1-0"]
[ICCResult "Black checkmated"]
[WhiteElo "1351"]
[BlackElo "1487"]
[Opening "Norwegian defense"]
[ECO "B06"]
[NIC "KF.06"]
[Time "11:04:21"]
[TimeControl "3600+10"]

1. e4 g6 2. d4 Nf6 3. e5 Nh5 4. g4 Ng7 5. f4 d6 6. Bd3 dxe5 7. dxe5 h5 8. g5
Nf5 9. Nf3 Bg7 10. Qe2 O-O 11. Nc3 b6 12. Bd2 Bb7 13. Bxf5 gxf5 14. Rg1 Nc6
15. O-O-O Nd4 16. Nxd4 Qxd4 17. Be3 Qb4 18. Qxh5 Rad8 19. Rde1 c5 20. e6 Qc4
21. exf7+ Qxf7 22. g6 Bxc3 23. gxf7# {Black checkmated} 1-0